 Dungeon Crawl Stone Soup version 0.20.0-15-g7f486f2 (webtiles) character file.

161 louis the Charmwright (level 5, -3/42 HPs)
             Began as a Draconian Skald on June 19, 2017.
             Slain by a centaur
             ... wielding a cursed +0 shortbow
              (6 damage)
             ... on level 4 of the Dungeon.
             The game lasted 00:12:56 (2911 turns).

louis the Charmwright (Draconian Skald)             Turns: 2911, Time: 00:12:57

Health: -3/42      AC:  7    Str: 14    XL:     5   Next: 19%
Magic:  6/9        EV: 13    Int: 14    God:
Gold:   149        SH:  0    Dex: 13    Spells: 3/10 levels left

rFire    . . .     SeeInvis .   a - +0 spear
rCold    . . .     Gourm    .   (no shield)
rNeg     . . .     Faith    .   (armour unavailable)
rPois    .         Spirit   .   (helmet restricted)
rElec    .         Reflect  .   (no cloak)
rCorr    .         Harm     .   i - +1 pair of gloves
MR       .....                  (no boots)
Stlth    +.........             (no amulet)
Regen    0.2/turn               n - +3 ring of dexterity
MPRegen  0.2/turn               (no ring)

@: infused
A: unfitting armour, cold-blooded, AC +5
a: no special abilities


You were on level 4 of the Dungeon.
You were not hungry.

You visited 1 branch of the dungeon, and saw 4 of its levels.

You collected 149 gold pieces.

Inventory:

Hand Weapons
 a - a +0 spear (weapon)
Missiles
 j - a throwing net
 k - 7 steel javelins (quivered)
 q - 4 exploding tomahawks
Armour
 i - a +1 pair of gloves (worn)
Jewellery
 n - a +3 ring of dexterity (left hand)
Wands
 s - a wand of acid (11/15)
Scrolls
 e - 2 scrolls of identify
 h - 4 scrolls of teleportation
 t - a scroll of recharging
 v - a scroll of enchant weapon {unknown}
Potions
 f - a potion of magic {unknown}
 g - 3 potions of heal wounds
 l - a potion of degeneration {unknown}
 r - 2 potions of berserk rage {unknown}
Books
 b - a book of Battle

   Spells                             Type                      Level
   a - Infusion                       Charms                       1
   b - Shroud of Golubria             Charms/Translocation         2
   c - Song of Slaying                Charms                       2
   d - Spectral Weapon                Hexes/Charms                 3
   e - Regeneration                   Charms/Necromancy            3
 p - a book of Maledictions

   Spells                             Type                      Level
   a - Corona                         Hexes                        1
   b - Ensorcelled Hibernation        Hexes/Ice                    2
   c - Confuse                        Hexes                        3
   d - Tukima's Dance                 Hexes                        3
   e - Dazzling Spray                 Conjuration/Hexes            3
Comestibles
 c - a bread ration
 d - 2 fruits
 m - 2 meat rations
 u - a royal jelly


   Skills:
 + Level 2.4 Fighting
 + Level 2.9 Polearms
 * Level 2.6 Dodging
 + Level 0.2 Stealth
 - Level 3.1 Spellcasting
 * Level 3.8 Charms


You had 3 spell levels left.
You knew the following spells:

 Your Spells              Type           Power        Failure   Level  Hunger
a - Infusion              Chrm           ##..         4%          1    #......
b - Song of Slaying       Chrm           ##......     7%          2    ##.....
c - Corona                Hex            #......      22%         1    #......
d - Regeneration          Chrm/Necr      #.........   28%         3    ###....


Dungeon Overview and Level Annotations

Branches:
Dungeon (4/15)
 Temple: D:4-7

Altars:
Cheibriados
Trog
Vehumet
Zin

Annotations:
D:3 CrazyArbalest's ghost, amateur MiHu
D:4 Natasha


Innate Abilities, Weirdness & Mutations

Your plain brown scales are hard. (AC +5)
You cannot fit into any form of body armour.
You are cold-blooded and may be slowed by cold attacks.


Message History

You are too injured to fight recklessly!
An iguana comes into view.
The centaur shoots an arrow.
The arrow barely misses you.
The centaur hits you but does no damage.
The centaur hits you with a shortbow!
You completely miss the centaur.
You tail-slap the centaur, but do no damage.
The centaur hits you with a shortbow.
You barely miss the centaur. The centaur hits you with a shortbow.
* * * LOW HITPOINT WARNING * * *
The iguana bites you.
* * * LOW HITPOINT WARNING * * *
The centaur closely misses you.
You hit the centaur but do no damage.
Your skin stops crawling.
The centaur hits you with a shortbow.
* * * LOW HITPOINT WARNING * * *
The iguana barely misses you.
You closely miss the centaur. The centaur hits you with a shortbow.
You die...

####################
...................#
...................#
......l@((.........#
.......c..(........#
...........(.......#
.............(.....#
.?.................#
...................#
............########
............#
...........#


You could see a centaur and an iguana.

Vanquished Creatures
  A hound (D:3)
  6 adders
  3 oozes
  4 worms
  A dart slug (D:2)
  2 leopard geckos
  An orc (D:3)
  A giant cockroach (D:3)
  8 hobgoblins
  A quokka (D:2)
  6 bats
  5 frilled lizards
  8 goblins
  3 kobolds
  6 rats
56 creatures vanquished.

Notes
Turn   | Place    | Note
-------+----------+-------------------------------------------
     0 | D:1      | louis the Draconian Skald began the quest for the Orb.
     0 | D:1      | Reached XP level 1. HP: 17/17 MP: 3/3
    60 | D:1      | Reached XP level 2. HP: 15/24 MP: 5/5
   903 | D:2      | Reached XP level 3. HP: 25/29 MP: 2/6
  1097 | D:3      | Reached XP level 4. HP: 31/37 MP: 4/7
  1335 | D:3      | Learned a level 2 spell: Song of Slaying
  1337 | D:3      | Learned a level 1 spell: Corona
  1719 | D:3      | Noticed CrazyArbalest's ghost (amateur MiHu)
  2189 | D:2      | Found a bloodstained altar of Trog.
  2331 | D:2      | Reached XP level 5. HP: 40/42 MP: 7/9
  2548 | D:2      | Found a snail-covered altar of Cheibriados.
  2548 | D:2      | Found a glowing silver altar of Zin.
  2551 | D:2      | Found a radiant altar of Vehumet.
  2647 | D:3      | Learned a level 3 spell: Regeneration
  2850 | D:4      | Noticed Natasha
  2898 | D:4      | Noticed a centaur
  2911 | D:4      | Slain by a centaur

Skill      XL: |  1  2  3  4 |
---------------+-------------+-----
Charms         | 3 |  3.8
Spellcasting   | 3 |  3.1
Fighting       | |  2.4
Polearms       | |  2.9
Dodging        | |  2.6
Stealth        | |  0.2

Action                   |  1- 3 |  4- 6 || total
-------------------------+-------+-------++-------
Melee: Spear             |    76 |   154 ||   230
       Tailslap          |     8 |     9 ||    17
 Cast: Infusion          |    12 |    15 ||    27
       Song of Slaying   |       |     5 ||     5
       Corona            |       |     1 ||     1
       Regeneration      |       |     2 ||     2
  Use: Scroll            |       |     9 ||     9
 Stab: Sleeping          |     1 |       ||     1
       Distracted        |       |     1 ||     1
  Eat: Chunk             |     1 |     3 ||     4
       Bread ration      |       |     1 ||     1
Armor: Skin              |    10 |    40 ||    50
Dodge: Dodged            |    37 |   107 ||   144
